 Dungeon Crawl Stone Soup version 0.29.0-11-gd7f09526c8 (webtiles) character file.

Game seed: 4780085835482135299

151 blackman the Trooper (level 5, -3/43 HPs)
             Began as a Demonspawn Fighter on Sept 5, 2022.
             Slain by an orc
             ... wielding a +2 short sword of electrocution
              (19 damage)
             ... on level 3 of the Dungeon.
             The game lasted 00:04:37 (3066 turns).

blackman the Trooper (Demonspawn Fighter)           Turns: 3066, Time: 00:04:37

Health: -3/43      AC:  6    Str: 18    XL:     5   Next: 10%
Magic:  5/5        EV: 10    Int: 10    God:
Gold:   159        SH:  0    Dex: 12    Spells: 4/4 levels left

rFire   + . .      SeeInvis .   f - +0 battleaxe
rCold   . . .      Faith    .   (shield currently unavailable)
rNeg    . . .      Spirit   .   b - +0 scale mail
rPois   .          Reflect  .   (no helmet)
rElec   .          Harm     .   (no cloak)
rCorr   .          Rampage  .   (no gloves)
Will    .....                   (no boots)
Stlth   ..........              (no amulet)
HPRegen 0.14/turn               m - ring of protection from fire
MPRegen 0.09/turn               (no ring)

@: no status effects
A: demonic guardian 1, sturdy frame 1, demonic touch 1
a: no special abilities


You were on level 3 of the Dungeon.
You visited 1 branch of the dungeon, and saw 3 of its levels.

You collected 159 gold pieces.

Inventory:

Hand Weapons
 a - a +0 war axe
 f - a +0 battleaxe (weapon)
Armour
 b - a +0 scale mail (worn)
Jewellery
 m - a ring of protection from fire (left hand)
 q - an amulet of magic regeneration
Scrolls
 c - a scroll of blinking {unknown}
 e - a scroll of magic mapping {unknown}
 o - a scroll of amnesia {unknown}
 p - a scroll of identify {unknown}
Potions
 d - a potion of might
 g - 3 potions of heal wounds {unknown}
 h - 3 potions of flight {unknown}
 i - 4 potions of ambrosia {unknown}
 j - 3 potions of degeneration {unknown}
 k - a potion of mutation {unknown}
 l - 2 potions of curing {unknown}
 n - a potion of resistance {unknown}
 r - a potion of cancellation {unknown}


   Skills:
 * Level 4.9 Fighting
 - Level 3.2 Axes
 - Level 2.6 Armour
 - Level 2.6 Shields


You had 4 spell levels left.
You didn't know any spells.
Your spell library was empty.

Dungeon Overview and Level Annotations

Branches:
Dungeon (3/15)

Altars:
Vehumet


Innate Abilities, Weirdness & Mutations

A weak demonic guardian rushes to your aid.
Your movements are slightly less encumbered by armour. (ER -2)
Your touch may inflict minor irresistible damage on your foes.


Message History

An orc comes into view. It is wielding a +0 hand axe.
The orc shouts!
You hear a shout! x2
An orc comes into view. It is wielding a +0 dagger.
The orc moves out of view.
You slash the orc!
You kill the orc!
A hobgoblin comes into view.
You closely miss the orc. You hit the orc but do no damage.
The orc hits you with a +0 hand axe.
An orc comes into view. It is wielding a +0 mace.
The orc hits you with a +0 club.
The orc shouts!
You slash the orc!
You kill the orc!
You hit the orc. The orc closely misses you.
The orc hits you with a +0 hand axe. The orc hits you but does no damage.
You barely miss the orc.
The orc is heavily wounded.
You slash the orc!
You kill the orc!
An orc comes into view.
It is wielding a +2 short sword of electrocution.
The orc hits you with a +0 hand axe.
You hit the orc.
You kill the orc!
You slash the hobgoblin!
You kill the hobgoblin!
A goblin comes into view. It is wielding a +0 club.
The orc barely misses you.
An orc priest comes into view. It is wielding a +0 flail.
You closely miss the orc.
The orc priest shouts!
You slash the orc!
You kill the orc!
The orc hits you but does no damage.
You barely miss the orc.
The orc hits you with a +2 short sword of electrocution.
You are electrocuted!
The orc hits you with a +2 short sword of electrocution.
You are electrocuted!!
You die...

#...#PP..#......######.~~≈≈~##
### ####.#....#.# #.~≈≈~~..
#.#.#..#.# #.~≈≈~###
#.#.#..#.# ..~≈≈~
###.#..#.###.# ~~≈≈~
##............# ~≈≈~
#.......#####.# ..#####o#o..#
# #@.# #))# #g.# #... .#.#. #
#..# # #


You could see an orc priest, an orc and a goblin.

Vanquished Creatures
  A hound (D:3)
  Jessica (D:2)
  2 adders
  A worm (D:2)
  A dart slug (D:1)
  12 orcs (D:3)
  6 endoplasms
  4 giant cockroaches
  5 goblins
  7 hobgoblins
  3 ball pythons
  5 bats
  4 frilled lizards
  4 kobolds
  2 rats (D:1)
58 creatures vanquished.

Notes
Turn   | Place    | Note
-------+----------+-------------------------------------------
     0 | D:1      | blackman the Demonspawn Fighter began the quest for the
                  | Orb.
     0 | D:1      | Reached XP level 1. HP: 18/18 MP: 1/1
   402 | D:1      | Gained mutation: Your movements are slightly less
                  | encumbered by armour. (ER -2) [demonic ancestry]
   402 | D:1      | Reached XP level 2. HP: 24/24 MP: 2/2
   683 | D:1      | You fall into a shaft and drop 1 floor!
   954 | D:2      | Gained mutation: Your touch may inflict minor irresistible
                  | damage on your foes. [demonic ancestry]
   954 | D:2      | Reached XP level 3. HP: 25/29 MP: 3/3
  2253 | D:2      | Noticed Jessica
  2258 | D:2      | Killed Jessica
  2259 | D:2      | Gained mutation: A weak demonic guardian rushes to your
                  | aid. [demonic ancestry]
  2259 | D:2      | Reached XP level 4. HP: 30/37 MP: 4/4
  2442 | D:2      | Reached skill level 4 in Fighting
  2523 | D:3      | Found a radiant altar of Vehumet.
  2979 | D:3      | Found a faded altar of an unknown god.
  3029 | D:3      | Reached XP level 5. HP: 42/43 MP: 5/5
  3066 | D:3      | Slain by an orc

Illustrated notes

Levels and vault maps discovered:
D:1:      amcnicky_arrival_abandoned_market, layout_basic,
          chequers_serial_rivers_marsh, st_stairs_13
D:2:      layout_loops_corners, patterned_corridor, uniq_jessica
D:3:      wander_river, layout_loops_cross, overflow_temple_1_default,
          serial_aquarium, aquarium_bridge_square [aquarium_subvault_wall,
          aquarium_subvault_wall, aquarium_subvault_bridge,
          aquarium_subvault_bridge], aquarium_window_1, aquarium_window_corner,
          aquarium_view_2f, aquarium_view_2b, aquarium_pool_2,
          hellmonk_ecumenical_altar_heavens_door

Skill      XL: |  1  2  3  4 |
---------------+-------------+-----
Axes           | 2 3 |  3.2
Fighting       | 4 |  4.9
Armour         | |  2.6
Shields        | |  2.6

Action                   |  1- 3 |  4- 6 || total
-------------------------+-------+-------++-------
Melee: War axe           |   101 |    35 ||   136
       Battleaxe         |       |    30 ||    30
  Use: Scroll            |     2 |       ||     2
Armor: Scale mail        |    58 |    25 ||    83
Dodge: Dodged            |    59 |    30 ||    89
Block: Buckler           |    22 |    10 ||    32
